 Dungeon Crawl Stone Soup version 0.24.0-123-gd5b16e6ec5 (webtiles) character file.

Game seed: 16337568805041057332, levelgen mode: deterministic

98 MoonSent the Chopper (level 4, -5/40 HPs)
             Began as a Draconian Berserker on Jan 5, 2020.
             Was a Believer of Trog.
             Killed by divine providence
             ... invoked by an orc priest
              (10 damage)
             ... on level 3 of the Dungeon.
             The game lasted 00:12:18 (1664 turns).

MoonSent the Chopper (Draconian Berserker)          Turns: 1664, Time: 00:12:19

Health: -5/40      AC:  5    Str: 21    XL:     4   Next: 43%
Magic:  4/4        EV: 13    Int:  7    God:    Trog [**....]
Gold:   98         SH:  2    Dex: 10    Spells: 3/3 levels left

rFire    . . .     SeeInvis .   k - +1 hand axe (chop)
rCold    . . .     Gourm    .   (no shield)
rNeg     . . .     Faith    .   (armour unavailable)
rPois    .         Spirit   .   (helmet restricted)
rElec    .         Reflect  +   (no cloak)
rCorr    .         Harm     .   (no gloves)
MR       .....                  (no boots)
Stlth    +.........             p - +2 amulet of reflection
HPRegen  0.13/turn              h - ring of flight
MPRegen  0.09/turn              (no ring)

@: no status effects
A: unfitting armour, cold-blooded, AC +5
a: Berserk, Trog's Hand, Renounce Religion, Evoke Flight


You were on level 3 of the Dungeon.
You worshipped Trog.
Trog was pleased with you.
You were not hungry.

You visited 1 branch of the dungeon, and saw 3 of its levels.

You collected 98 gold pieces.

Inventory:

Hand Weapons
 a - a +0 hand axe
 d - a +0 dagger of venom
 k - a +1 hand axe of chopping (weapon)
Jewellery
 h - a ring of flight (left hand)
 l - an uncursed amulet of guardian spirit
 p - a +2 amulet of reflection (around neck)
Wands
 o - a wand of flame (11)
Scrolls
 c - 2 scrolls of remove curse {unknown}
 f - a scroll of teleportation {unknown}
 i - 3 scrolls of identify {unknown}
 j - a scroll of immolation {unknown}
Potions
 e - 2 potions of degeneration {unknown}
 g - a potion of heal wounds {unknown}
 m - 2 potions of agility {unknown}
 n - a potion of flight {unknown}
Comestibles
 b - 3 rations


   Skills:
 + Level 4.0 Fighting
 + Level 4.1 Axes
 + Level 3.2 Dodging
 + Level 1.1 Stealth


You had 3 spell levels left.
You didn't know any spells.
Your spell library was empty.

Dungeon Overview and Level Annotations

Branches:
Dungeon (3/15)

Altars:
Ashenzari
Qazlal
Yredelemnul


Innate Abilities, Weirdness & Mutations

Your plain brown scales are hard. (AC +5)
You cannot fit into any form of body armour.
You are cold-blooded and may be slowed by cold attacks.


Message History

The orc wizard barely misses you.
You hit the orc wizard but do no damage.
The orc barely misses you. The orc priest closely misses you.
The orc wizard hits you with a +0 dagger.
* * * LOW HITPOINT WARNING * * *
You closely miss the orc wizard.
The orc hits you from afar with a +0 trident.
* * * LOW HITPOINT WARNING * * *
The orc priest misses you.
The orc wizard hits you but does no damage.
You barely miss the orc wizard.
You feel sick.
You are no longer poisoned.
The orc hits you but does no damage. The orc priest closely misses you.
The orc wizard misses you.
A rat comes into view.
You hit the orc wizard but do no damage.
The orc misses you.
The orc priest mumbles some strange prayers to Beogh against you.
Beogh smites you!
You die...

..... ......... ####
#......r.. #.. ..........
#.####.#########..........
#...............# (....#.
##.....#####.###.......
##.##....##.##o.!....#
#.#####.##.@oo(......
###.# #...###....#...
#...# ###..##...#...#
#.### ##.##o....... #.#
....###..## #.# ..... ....
##.# ..... ##. #..# ...##
#<## ...#


You could see an orc priest, an orc wizard, an orc and a rat.

Vanquished Creatures
  A worker ant (D:3)
  An adder (D:2)
  5 worms
  A dart slug (D:1)
  A leopard gecko (D:2)
  3 orcs (D:3)
  2 giant cockroaches (D:2)
  5 goblins
  5 hobgoblins (D:2)
  3 kobolds
  3 ball pythons
  9 bats
  2 frilled lizards (D:1)
  4 rats
45 creatures vanquished.

Vanquished Creatures (others)
  An orc (D:3)
  A hobgoblin (D:3)
2 creatures vanquished.

Grand Total: 47 creatures vanquished

Notes
Turn   | Place    | Note
-------+----------+-------------------------------------------
     0 | D:1      | MoonSent the Draconian Berserker began the quest for the
                  | Orb.
     0 | D:1      | Reached XP level 1. HP: 19/19 MP: 1/1
   577 | D:1      | Reached XP level 2. HP: 25/26 MP: 2/2
  1107 | D:2      | Reached XP level 3. HP: 23/33 MP: 3/3
  1458 | D:2      | Found a basalt altar of Yredelemnul.
  1458 | D:2      | Found a stormy altar of Qazlal.
  1458 | D:2      | Found a shattered altar of Ashenzari.
  1462 | D:2      | Reached ** piety under Trog
  1635 | D:3      | Reached skill level 1 in Stealth
  1635 | D:3      | Reached XP level 4. HP: 40/40 MP: 4/4
  1664 | D:3      | Killed from afar by an orc priest

Levels and vault maps discovered:
D:1:      lightli_arrival_maybe_door_vault, layout_rooms, minmay_misc_feat_alley
D:2:      layout_rooms, gammafunk_temple_overflow_forgotten
D:3:      layout_rooms, fiery_altar_vehumet, portal_sewer_entry_a, first_ration

Skill      XL: |  1  2  3  4 |
---------------+-------------+-----
Dodging        | 3 |  3.2
Stealth        | 1 |  1.1
Fighting       | 4 |  4.0
Axes           | 4 |  4.1

Action                   |  1- 3 |  4- 6 || total
-------------------------+-------+-------++-------
Melee: Hand axe          |   101 |    25 ||   126
       Tailslap          |    14 |     2 ||    16
 Stab: Sleeping          |     3 |       ||     3
  Eat: Ration            |     1 |       ||     1
Armor: Skin              |    45 |     5 ||    50
Dodge: Dodged            |    94 |    30 ||   124
Block: Other             |       |     1 ||     1
